 Dungeon Crawl Stone Soup version 0.20.1-1-g8b1a95d (webtiles) character file.

766 Zedayar the Twirler (level 7, -2/44 HPs)
             Began as a Gargoyle Monk on Aug 23, 2017.
             Was a Believer of Dithmenos.
             Slain by a slave (7 damage)
             ... led by Pikel
             ... on level 5 of the Dungeon on Aug 25, 2017.
             The game lasted 00:27:50 (4310 turns).

Zedayar the Twirler (Gargoyle Monk)                 Turns: 4310, Time: 00:27:50

Health: -2/44      AC: 14    Str: 14    XL:     7   Next: 82%
Magic:  7/7        EV: 14    Int: 11    God:    Dithmenos [**....]
Gold:   135        SH:  2    Dex: 14    Spells: 6/6 levels left

rFire    . . .     SeeInvis .   s - +0 quarterstaff
rCold    . . .     Gourm    .   (shield currently unavailable)
rNeg     + . .     Faith    .   a - +1 robe
rPois    ∞         Spirit   .   b - +0 helmet (curse)
rElec    +         Reflect  +   (no cloak)
rCorr    +         Harm     .   t - +0 pair of gloves
MR       .....                  (no boots)
Stlth    +++.......             n - +2 amulet of reflection
Regen    0.2/turn               k - +5 ring of protection
MPRegen  0.1/turn               r - ring of resist corrosion

@: wreathed by umbra, drained
A: negative energy resistance 1, electricity resistance, unbreathing,
petrification resistance, rot immunity, AC +4
a: Shadow Step, Renounce Religion


You were on level 5 of the Dungeon.
You worshipped Dithmenos.
Dithmenos was pleased with you.
You were not hungry.

You visited 2 branches of the dungeon, and saw 6 of its levels.

You collected 135 gold pieces.

Inventory:

Hand Weapons
 s - a +0 quarterstaff (weapon)
Armour
 a - a +1 robe (worn)
 b - a cursed +0 helmet (worn)
 e - a +1 robe of fire resistance
 j - a cursed +0 robe
 t - a +0 pair of gloves (worn)
Jewellery
 d - an uncursed ring of positive energy
 k - a +5 ring of protection (left hand)
 n - a +2 amulet of reflection (around neck)
 r - a ring of resist corrosion (right hand)
 v - an uncursed ring of fire
 w - an uncursed amulet of harm
Wands
 m - a wand of lightning (8/15)
Scrolls
 g - a scroll of magic mapping
 h - a scroll of identify
 i - 3 scrolls of teleportation
 o - 3 scrolls of immolation {unknown}
 q - a scroll of amnesia
Potions
 c - 2 potions of invisibility
 f - 2 potions of curing
 l - 2 potions of agility
Comestibles
 p - 2 royal jellies


   Skills:
 + Level 4.5(4.0) Fighting
 + Level 4.7(4.1) Staves
 + Level 4.4(3.9) Dodging
 + Level 3.2(2.7) Stealth
 + Level 4.5(3.9) Unarmed Combat


You had 6 spell levels left.
You didn't know any spells.

Dungeon Overview and Level Annotations

Branches:
Dungeon (5/15)             Temple (1/1) D:4

Altars:
Ashenzari
Cheibriados
Dithmenos
Elyvilon
Fedhas
Gozag
Hepliaklqana
Kikubaaqudgha
Makhleb
Nemelex Xobeh
Okawaru
Qazlal
Ru
Sif Muna
Trog
Uskayaw
Vehumet
Xom
Yredelemnul
Zin
The Shining One

Annotations:
D:5 Pikel


Innate Abilities, Weirdness & Mutations

You are resistant to torment.
Your stone body is resilient. (AC +4)
You are immune to poison.
You resist negative energy. (rN+)
You are resistant to electric shocks. (rElec)
You can survive without breathing.
You are immune to petrification.
You are immune to rotting.


Message History

Pikel is moderately wounded.
Pikel hits you but does no damage. The slave closely misses you.
The ooze hits you but does no damage. Pikel barely misses you.
You hit Pikel.
Pikel is heavily wounded.
The slave hits you. The ooze barely misses you. You block Pikel's attack.
You hit Pikel but do no damage.
Pikel is heavily wounded.
The slave barely misses you. The ooze closely misses you.
Pikel hits you with a whip of flaming.
* * * LOW HITPOINT WARNING * * *
Pikel burns you.
* * * LOW HITPOINT WARNING * * *
The ooze misses you. Pikel hits you with a whip of flaming.
* * * LOW HITPOINT WARNING * * *
Pikel burns you.
* * * LOW HITPOINT WARNING * * *
You see here a ring mail.
The slave hits you!
You die...

##...........# #. #.#
#..#.........# .. ...
#.##.........# .# #.##
#.###....†..#####.# #.#.
#.##.........#..#.# #...
###<##.....)........# ##..#
.....).............###
####..#
###.##...........#):.#
#.....#
#..##..........@[...#
###.###.#
#..####....[..##JpK..###[..#
..# #.#
##.....###...(.##..####.##
#.# ###.#.# #........## ##%#
#.# .%...# ##..#[#### #.. (.
.....## #...#.[.#####.# .#
#..... ##..#(#.#...<##.#
.######...>.
#..#..#.####....##
........... #.##.##[#
####..##


You could see Pikel, a slave and an ooze.

Vanquished Creatures
  3 sky beasts (D:5)
  3 slaves (D:5)
  A phantom (D:4)
  A centaur (D:5)
  A scorpion (D:5)
  A crimson imp (D:5)
  A hound (D:5)
  2 centaur skeletons (D:4)
  Jessica (D:2)
  A worker ant (D:4)
  The ghost of Zedayar the Ducker, a weakling FeBe of Trog (D:3)
  2 adders
  2 adder skeletons (D:5)
  4 worms
  2 leopard geckos
  4 orcs
  7 bats
  4 giant cockroaches
  5 goblins
  5 hobgoblins
  2 quokkas
  A ball python (D:2)
  A ball python zombie (D:5)
  2 frilled lizards (D:1)
  12 kobolds
  A quokka skeleton (D:5)
  7 rats
77 creatures vanquished.

Vanquished Creatures (others)
  A kobold (D:2)
1 creature vanquished.

Grand Total: 78 creatures vanquished

Notes
Turn   | Place    | Note
-------+----------+-------------------------------------------
     0 | D:1      | Zedayar the Gargoyle Monk began the quest for the Orb.
     0 | D:1      | Reached XP level 1. HP: 14/14 MP: 1/1
   281 | D:1      | Reached XP level 2. HP: 19/19 MP: 2/2
  1068 | D:2      | Reached XP level 3. HP: 16/23 MP: 3/3
  1080 | D:2      | Noticed Jessica
  1133 | D:2      | Killed Jessica
  1255 | D:2      | Reached XP level 4. HP: 23/28 MP: 4/4
  1672 | D:3      | Noticed Zedayar's ghost (weakling FeBe)
  1685 | D:3      | Killed Zedayar's ghost
  2220 | D:4      | Reached XP level 5. HP: 31/32 MP: 5/5
  2307 | D:4      | HP: 1/32 [worker ant (7)]
  2326 | D:4      | Reached skill level 1 in Staves
  2361 | D:4      | Found a staircase to the Ecumenical Temple.
  2393 | Temple   | Entered the Ecumenical Temple
  2846 | Temple   | Became a worshipper of Dithmenos the Shadowed
  2846 | Temple   | Reached * piety under Dithmenos
  2846 | Temple   | Reached ** piety under Dithmenos
  2987 | D:4      | Noticed a phantom
  3027 | D:4      | Killed a phantom
  3027 | D:4      | Reached XP level 6. HP: 9/38 MP: 6/6
  3198 | D:5      | Entered Level 5 of the Dungeon
  3213 | D:5      | Noticed a sky beast
  3226 | D:5      | Killed a sky beast
  3304 | D:5      | Reached XP level 7. HP: 11/44 MP: 7/7
  3804 | D:5      | Noticed Pikel
  4310 | D:5      | Slain by a slave

Skill      XL: |  1  2  3  4  5  6  7 |
---------------+----------------------+-----
Dodging        | 3 4 |  4.4
Unarmed Combat | 4 |  4.5
Staves         | 2 3 4 |  4.7
Stealth        | 3 |  3.2
Fighting       | 4 |  4.5

Action                   |  1- 3 |  4- 6 |  7- 9 || total
-------------------------+-------+-------+-------++-------
Melee: Unarmed           |   157 |    63 |       ||   220
       Quarterstaff      |       |   120 |   150 ||   270
  Use: Scroll            |     1 |     8 |       ||     9
       Potion            |     5 |     2 |       ||     7
 Stab: Sleeping          |     2 |     1 |       ||     3
       Invisible         |     2 |       |       ||     2
  Eat: Chunk             |       |     2 |       ||     2
       Bread ration      |       |     1 |       ||     1
       Royal jelly       |       |       |     2 ||     2
       Fruit             |       |       |     1 ||     1
Armor: Robe              |    45 |    98 |    75 ||   218
Dodge: Dodged            |   156 |   183 |   105 ||   444
Block: Other             |       |       |    15 ||    15
